 Dungeon Crawl Stone Soup version 0.31-a0-1388-g4b2ba238e7 (webtiles) character file.

Game seed: 13606023953969886803

174 MisterAzrael the Shield-Bearer (level 5, -13/41 HPs)
             Began as a Formicid Fighter on Dec 24, 2023.
             Mangled by an ogre
             ... wielding a +0 giant spiked club
              (26 damage)
             ... on level 3 of the Dungeon.
             The game lasted 00:02:14 (1833 turns).

MisterAzrael the Shield-Bearer (Formicid Fighter)   Turns: 1833, Time: 00:02:14

Health: -13/41     AC: 10    Str: 19    XL:     5   Next: 84%
Magic:  7/7        EV:  9    Int:  8    God:
Gold:   114        SH:  6    Dex: 19    Spells: 4/4 levels left

rFire   . . .        a - +0 war axe
rCold   x . .        c - +0 buckler
rNeg    . . .        b - +0 scale mail
rPois   .            (helmet unavailable)
rElec   .            (no cloak)
rCorr   +            (no gloves)
SInv    +            k - +2 pair of boots "Rooshrute" {rC- rCorr Str-3 Dex+6}
Will    .....        (no amulet) Stlth
                     (no ring)
HPRegen 0.26/turn    (no ring)
MPRegen 0.10/turn

%: no passive effects
@: mighty
A: permanent stasis, dig shafts and tunnels, antennae 3, four strong arms
a: Dig, Shaft Self


You were on level 3 of the Dungeon.
You visited 1 branch of the dungeon, and saw 3 of its levels.

You collected 114 gold pieces.

Inventory:

Hand Weapons
 a - a +0 war axe (weapon)
Missiles
 n - 6 poisoned darts
Armour
 b - a +0 scale mail (worn)
 c - a +0 buckler (worn)
 k - the +2 pair of boots "Rooshrute" (worn) {rC- rCorr Str-3 Dex+6}
   (You found it on level 2 of the Dungeon)

   Str-3:     It affects your strength (-3).
   Dex+6:     It affects your dexterity (+6).
   rC-:       It makes you vulnerable to cold.
   rCorr:     It protects you from acid and corrosion.
Scrolls
 e - 3 scrolls of identify {unknown}
 g - a scroll of summoning {unknown}
 i - 2 scrolls of revelation {unknown}
 j - 3 scrolls of immolation {unknown}
 m - 2 scrolls of noise {unknown}
 o - a scroll of teleportation {unknown}
 p - a scroll of fog {unknown}
 q - a scroll of brand weapon {unknown}
 r - a scroll of blinking {unknown}
 s - a scroll of vulnerability {unknown}
Potions
 d - a potion of might
 f - a potion of mutation {unknown}
 h - a potion of haste {unknown}
 l - 2 potions of curing {unknown}


   Skills:
 - Level 3.2 Fighting
 + Level 3.5 Axes
 - Level 3.2 Armour
 + Level 5.7 Shields
 * Level 3.2 Invocations


You had 4 spell levels left.
You didn't know any spells.
Your spell library contained the following spells:

 Spells                   Type           Power      Damage    Failure   Level
 Sting                    Conj/Alch      0%         1d3       85%         1
 Mercury Vapours          Alch/Air       0%         N/A       94%         2
 Olgreb's Toxic Radiance  Alch           0%         N/A       100%        4


Dungeon Overview and Level Annotations

Branches:
Dungeon (3/15)

Altars:


Innate Abilities, Weirdness & Mutations

You cannot be hasted, slowed, berserked, paralysed or teleported.
You can dig through walls and to a lower floor.
You have a pair of large antennae on your head. (SInv)
Your four strong arms can wield two-handed weapons with a shield.


Message History

No target in view!
No target in view!
Done exploring.
No target in view!
What level of the Dungeon? (default 2, ? - help)
You see here a hobgoblin corpse.
There is a stone staircase leading down here.
You climb downwards.
You hear the sound of rushing water.
There is an entrance to a sewer on this level.
Hurry and find it before the portal rusts away!
There is a stone staircase leading up here.
Found a stone staircase leading down.
You sense a monster nearby.
No target in view!
No target in view!
No target in view!
No target in view!
Key pressed, stopping explore.
No target in view!
No target in view!
No target in view!
No target in view!
An ogre comes into view. It is wielding a +0 giant spiked club.
The ogre shouts!
You slash the ogre!
The ogre is heavily wounded.
The ogre hits you with a +0 giant spiked club!!
Ouch! That really hurt!
* * * LOW HITPOINT WARNING * * *
An ogre is nearby!
You are too injured to fight recklessly!
You are too injured to fight recklessly!
You are too injured to fight recklessly!
You are too injured to fight recklessly!
You feel very mighty all of a sudden.
You slash the ogre!
The ogre is almost dead.
The ogre hits you with a +0 giant spiked club!!
Ouch! That really hurt!
You die...

##. #.. # #.# #.#
#.# #.# #.###.#
#.....## #......#
#@#.##.# #
#O#.##.######....
#.#......<.....#
#.####.#########
#...>..# ########


You could see an ogre.

Vanquished Creatures
  Natasha (thrice) (D:2)
  Robin (D:2)
  3 adders (D:2)
  A dart slug (D:2)
  4 ball pythons
  2 bats (D:2)
  3 endoplasms
  3 giant cockroaches
  15 goblins (D:2)
  6 hobgoblins
  3 jackals (D:2)
  4 quokkas
  2 frilled lizards (D:2)
  2 kobolds (D:2)
  5 rats
57 creatures vanquished.

Notes
Turn   | Place    | Note
-------+----------+-------------------------------------------
     0 | D:1      | MisterAzrael the Formicid Fighter began the quest for the
                  | Orb.
     0 | D:1      | Reached XP level 1. HP: 18/18 MP: 1/1
   128 | D:1      | Reached XP level 2. HP: 14/24 MP: 2/2
   912 | D:2      | Reached XP level 3. HP: 25/29 MP: 3/3
  1003 | D:2      | Reached skill level 5 in Shields
  1107 | D:2      | Identified the +2 pair of boots "Rooshrute" {rC- rCorr
                  | Str-3 Dex+6}
  1187 | D:2      | Reached skill level 1 in Invocations
  1187 | D:2      | Reached XP level 4. HP: 24/35 MP: 4/4
  1334 | D:2      | Noticed Robin
  1350 | D:2      | Killed Robin
  1364 | D:2      | Noticed Natasha
  1374 | D:2      | Killed Natasha
  1375 | D:2      | Reached XP level 5. HP: 35/41 MP: 6/6
  1552 | D:2      | Noticed Natasha
  1564 | D:2      | Killed Natasha
  1595 | D:2      | Noticed Natasha
  1600 | D:2      | Killed Natasha
  1829 | D:3      | Noticed an ogre
  1833 | D:3      | Mangled by an ogre

Illustrated notes

Levels and vault maps discovered:
D:1:      amcnicky_arrival_flooded_fountain, layout_basic
D:2:      layout_loops_cross, minmay_distorted, uniq_robin, uniq_natasha
D:3:      layout_loops_cross, hellmonk_ecumenical_altar_heavens_door,
          serial_shops, shop, gup_sewer_entry_pipe, uniq_jessica

Skill      XL: |  1  2  3  4  5 |
---------------+----------------+-----
Shields        | 5 |  5.7
Axes           | 3 |  3.5
Invocations    | 1 2 3 |  3.2
Fighting       | |  3.2
Armour         | |  3.2

Action                     |  1- 3 |  4- 6 || total
---------------------------+-------+-------++-------
  Melee: War axe           |    74 |    57 ||   131
    Use: Potion            |       |     1 ||     1
 Armour: Scale mail        |    44 |    46 ||    90
  Dodge: Dodged            |    37 |    38 ||    75
  Block: Buckler           |    22 |    20 ||    42

Table legend: (Time is in decaauts)
 A = Elapsed time spent in this place.
 B = Non-inter-level travel time spent in this place.
 C = Inter-level travel time spent in this place.
 D = Time resting spent in this place.
 E = Time spent auto-exploring this place.
 F = Levels seen in this place.
 G = Mean time per level.
                   A        B        C        D        E       F      G
               +--------+--------+--------+--------+--------+-----+--------+
         Total |   1882 |   1855 |     27 |      0 |   1503 |   3 |  627.3 |
       Dungeon |   1882 |   1855 |     27 |      0 |   1503 |   3 |  627.3 |
               +--------+--------+--------+--------+--------+-----+--------+

Top non-repeatable levels by time:
     D:2: 963 daAuts
     D:1: 904 daAuts
     D:3: 15 daAuts
